 Dungeon Crawl Stone Soup version 0.32-a0-468-g38b2580584 (webtiles) character file.

Game seed: 4461940531686566578

899 Dordric the Basher (level 7, 0/57 HPs)
             Began as a Mountain Dwarf Fighter on Feb 24, 2024.
             Slain by a killer bee (5 damage)
             ... on level 5 of the Dungeon.
             The game lasted 00:05:59 (6147 turns).

Dordric the Basher (Mountain Dwarf Fighter)         Turns: 6147, Time: 00:05:59

Health: 0/57       AC: 13    Str: 31    XL:     7   Next: 79%
Magic:  7/7        EV:  8    Int:  7    God:
Gold:   285        SH:  4    Dex:  8    Spells: 6/6 levels left

rFire   . . .        a - +0 flail
rCold   . . .        c - +0 buckler
rNeg    . . .        h - +0 chain mail
rPois   .            e - +0 helmet
rElec   .            w - +0 cloak
rCorr   +            (no gloves)
SInv    .            (no boots)
Will    .....        f - amulet of the acrobat Stlth
                     j - +6 ring of strength
HPRegen 0.29/turn    B - ring of resist corrosion
MPRegen 0.10/turn

%: acrobat
@: no status effects
A: runic magic, artefact enchanting, iridescent scales 1, strong 1
a: no special abilities


You were on level 5 of the Dungeon.
You visited 1 branch of the dungeon, and saw 5 of its levels.
You also visited: Sewer.

You collected 285 gold pieces.

Inventory:

Hand Weapons
 a - a +0 flail (weapon)
 r - a +2 dagger of venom
Armour
 b - a +0 scale mail
 c - a +0 buckler (worn)
 e - a +0 helmet (worn)
 h - a +0 chain mail (worn)
 w - a +0 cloak (worn)
Jewellery
 f - an amulet of the acrobat (around neck)
 g - an amulet of magic regeneration
 j - a +6 ring of strength (left hand)
 y - a ring of ice
 B - a ring of resist corrosion (right hand)
Wands
 i - a wand of flame (26)
Scrolls
 m - a scroll of immolation
 n - a scroll of poison
 o - 2 scrolls of amnesia
 p - a scroll of vulnerability
 q - a scroll of fear {unknown}
 s - 2 scrolls of blinking
 v - a scroll of noise {unknown}
 z - a scroll of revelation {unknown}
 A - a scroll of brand weapon {unknown}
 C - a scroll of teleportation {unknown}
 D - a scroll of identify
Potions
 d - 5 potions of might
 k - 3 potions of mutation
 l - a potion of cancellation {unknown}
 t - a potion of invisibility {unknown}
 u - a potion of brilliance {unknown}
 x - a potion of heal wounds {unknown}
 E - a potion of curing


   Skills:
 - Level 3.2 Fighting
 + Level 10.9 Maces & Flails
 - Level 3.2 Armour
 - Level 3.2 Shields


You had 6 spell levels left.
You didn't know any spells.
Your spell library was empty.

Dungeon Overview and Level Annotations

Branches:
Dungeon (5/15)              Sewer (visited)
 Temple: D:4-7

Altars:
Fedhas
Gozag
Kikubaaqudgha
Ru
Sif Muna

Shops:
D:3 *   D:5 !

Annotations:
D:3 2 transporters, rbyellow5's ghost, amateur OnWr


Innate Abilities, Weirdness & Mutations

Your spellcasting is much less encumbered by armour.
You can use scrolls of enchantment on lesser artefacts.
You are partially covered in iridescent scales. (AC +2)
Your muscles are strong. (Str +4, Int/Dex -1)


Message History

The killer bee is almost dead.
* * * LOW HITPOINT WARNING * * *
You feel very sick.
The killer bee stings you but does no damage.
The killer bee stings you!
* * * LOW HITPOINT WARNING * * *
It was a potion of mutation.
You feel extremely strange.
You feel stronger.
Iridescent scales grow over part of your body.
* * * LOW HITPOINT WARNING * * *
You feel very sick. The killer bee closely misses you.
The killer bee stings you.
* * * LOW HITPOINT WARNING * * *
The killer bee stings you.
* * * LOW HITPOINT WARNING * * *
You block the killer bee's attack.
It was a potion of curing.
You feel better.
The killer bee stings you but does no damage.
You block the killer bee's attack. The killer bee stings you.
* * * LOW HITPOINT WARNING * * *
The killer bee stings you but does no damage.
The killer bee stings you but does no damage.
The killer bee stings you.
* * * LOW HITPOINT WARNING * * *
You block the killer bee's attack. The killer bee completely misses you.
The killer bee closely misses you.
Aiming: Throw Flame
Press: ? - help, Shift-Dir - straight line, f - killer bee
Aim: a killer bee (39% to hit)
The puff of flame misses the killer bee. x2
You block the killer bee's attack.
A killer bee comes into view.
The killer bee barely misses you.
Aiming: Throw Flame
Press: ? - help, Shift-Dir - straight line, p - killer bee The puff of flame misses the killer bee. x3
The killer bee buzzes angrily.
The killer bee stings you.
You die...

...## ######## ###
....#####......# #..
..........####.# #########.#
.....###### #.# #.........#
.....# #.# #.######### ...### #.#
#####.#### ...# #.# #........#
##'## #####.####.###.##.###
#...## #......@yy.###.÷....#
.....## #.###.###y........#.# #
......## #.#.#..#..#######.#.# ##
.......###....#.#.###.+......###.
.......'........#'#...##.......'.
.......###......#......##....###.
......## #.#..#.##..∩..###.#÷# ##
.....## #.##.#.##......####.# #
#...## #......###...#'####.####


You could see 3 killer bees.

Vanquished Creatures
  An ogre (D:5)
  A phantom (D:4)
  A scorpion (D:5)
  2 bombardier beetles
  3 hounds
  A gnoll bouda (D:5)
  Crazy Yiuf (D:3)
  Terence (D:3)
  2 iguanas
  Natasha (thrice) (D:2)
  12 adders
  3 gnolls (D:5)
  8 river rats (Sewer)
  A shadow imp (D:5)
  2 ribbon worms
  A dart slug (D:5)
  8 orcs
  8 bats
  6 endoplasms
  A giant cockroach (D:3)
  3 goblins
  4 hobgoblins
  6 jackals
  A quokka (D:4)
  7 ball pythons
  5 frilled lizards
  18 kobolds
  26 rats
136 creatures vanquished.

Notes
Turn   | Place    | Note
-------+----------+-------------------------------------------
     0 | D:1      | Dordric the Mountain Dwarf Fighter began the quest for the
                  | Orb.
     0 | D:1      | Reached XP level 1. HP: 19/19 MP: 1/1
   164 | D:1      | Reached skill level 3 in Maces & Flails
   409 | D:1      | Found a faded altar of an unknown god.
   467 | D:1      | Reached XP level 2. HP: 17/26 MP: 2/2
   808 | D:2      | Noticed Natasha
   815 | D:2      | Killed Natasha
   816 | D:2      | Reached skill level 4 in Maces & Flails
   816 | D:2      | Reached XP level 3. HP: 21/31 MP: 3/3
  1015 | D:2      | Noticed Natasha
  1022 | D:2      | Killed Natasha
  1023 | D:2      | Reached skill level 5 in Maces & Flails
  1023 | D:2      | Reached XP level 4. HP: 31/38 MP: 4/4
  1042 | D:2      | Noticed Natasha
  1053 | D:2      | Killed Natasha
  1288 | D:2      | Found an ancient bone altar of Kikubaaqudgha.
  1601 | D:2      | Reached skill level 6 in Maces & Flails
  1784 | D:3      | Noticed Terence
  1792 | D:3      | Killed Terence
  1793 | D:3      | Reached XP level 5. HP: 43/45 MP: 5/5
  1854 | D:3      | Found a glowing drain.
  1901 | Sewer    | Entered a sewer
  1989 | Sewer    | Reached skill level 7 in Maces & Flails
  2313 | Sewer    | Reached XP level 6. HP: 50/51 MP: 6/6
  2849 | D:3      | Reached skill level 8 in Maces & Flails
  3072 | D:3      | Found a transporter.
  3132 | D:3      | Found a runed translucent door.
  3133 | D:3      | Noticed Crazy Yiuf
  3157 | D:3      | Found a transporter.
  3159 | D:3      | Noticed rbyellow5's ghost (amateur OnWr)
  3236 | D:3      | Found a sacrificial altar of Ru.
  3236 | D:3      | Found a blossoming altar of Fedhas.
  3241 | D:3      | Found a shimmering blue altar of Sif Muna.
  3286 | D:3      | Found an opulent altar of Gozag.
  3286 | D:3      | Found Gozag's Platinum Reserve.
  3796 | D:3      | Killed Crazy Yiuf
  4255 | D:4      | Reached skill level 9 in Maces & Flails
  4443 | D:4      | Reached XP level 7. HP: 57/57 MP: 7/7
  5173 | D:5      | Entered Level 5 of the Dungeon
  5410 | D:5      | Found Noozux's Distillery.
  5484 | D:5      | Reached skill level 10 in Maces & Flails
  6141 | D:5      | Gained mutation: Your muscles are strong. (Str +4, Int/Dex
                  | -1) [potion of mutation]
  6141 | D:5      | Gained mutation: You are partially covered in iridescent
                  | scales. (AC +2) [potion of mutation]
  6141 | D:5      | HP: 1/57 [killer bee (2)]
  6147 | D:5      | Slain by a killer bee

Illustrated notes

Levels and vault maps discovered:
D:1:      dpeg_arrival_simpleton_c, layout_loops_ring,
          shapermc_ecumenical_altar_starsandcircs
D:2:      layout_loops_corners, basic_altar, uniq_natasha
D:3:      layout_basic, nicolae_gozag_zags_fifth_avenue,
          gammafunk_temple_overflow_claw, gammafunk_ghost_mausoleum,
          serial_glass, glass_columns_a, glass_columns_b, glass_columns_a,
          glass_columns_c, glass_columns_a, glass_columns_b, glass_columns_a,
          glass_columns_a, mainiacjoe_sewer_entry_somewhere_in_here_1,
          kennysheep_minor_cross, minmay_randomly_rotated_circles,
          uniq_crazy_yiuf_cottage, uniq_terence
D:4:      layout_layer_cave
D:5:      layout_loops_corners, serial_shops, nicolae_shop_rolling_square,
          grunt_ministairs_14

Skill      XL: |  1  2  3  4  5  6  7 |
---------------+----------------------+-----
Maces & Flails | 3 4 5 6 7 9 10 | 10.9
Fighting       | |  3.2
Armour         | |  3.2
Shields        | |  3.2

Action                     |  1- 3 |  4- 6 |  7- 9 || total
---------------------------+-------+-------+-------++-------
  Melee: Flail             |    36 |   245 |    99 ||   380
         Dagger            |       |   140 |       ||   140
  Evoke: Wand              |       |       |     2 ||     2
    Use: Scroll            |       |     5 |       ||     5
         Potion            |       |       |     2 ||     2
 Armour: Scale mail        |    19 |       |       ||    19
         Chain mail        |     4 |   281 |    66 ||   351
  Dodge: Dodged            |    12 |   180 |    48 ||   240
  Block: Buckler           |     6 |    72 |    24 ||   102

Table legend: (Time is in decaauts)
 A = Elapsed time spent in this place.
 B = Non-inter-level travel time spent in this place.
 C = Inter-level travel time spent in this place.
 D = Time resting spent in this place.
 E = Time spent auto-exploring this place.
 F = Levels seen in this place.
 G = Mean time per level.
                   A        B        C        D        E       F      G
               +--------+--------+--------+--------+--------+-----+--------+
         Total |   6198 |   5938 |    260 |    373 |   4436 |   6 | 1033.0 |
       Dungeon |   5247 |   4987 |    260 |    245 |   3942 |   5 | 1049.4 |
         Sewer |    951 |    951 |      0 |    128 |    494 |   1 |  951.0 |
               +--------+--------+--------+--------+--------+-----+--------+

Top non-repeatable levels by time:
     D:3: 1295 daAuts
     D:4: 1199 daAuts
     D:2: 1051 daAuts
     D:5: 965 daAuts
   Sewer: 951 daAuts
     D:1: 735 daAuts
